 Dungeon Crawl Stone Soup version 0.26-a0-599-gc8f6553 (webtiles) character file.

Game seed: 3039510415016059225

62 BeowulfAlex the Changer (level 4, -3/29 HPs)
             Began as an Octopode Transmuter on Aug 29, 2020.
             Killed from afar by Sigmund (7 damage)
             ... with a puff of flame
             ... on level 3 of the Dungeon.
             The game lasted 00:04:41 (2412 turns).

BeowulfAlex the Changer (Octopode Transmuter)       Turns: 2412, Time: 00:04:42

Health: -3/29      AC:  1    Str:  9    XL:     4   Next: 8%
Magic:  4/7        EV: 14    Int: 16    God:
Gold:   168        SH:  0    Dex: 18    Spells: 3/7 levels left

rFire    . . .     SeeInvis .     - Unarmed
rCold    . . .     Faith    .   (no shield)
rNeg     . . .     Spirit   .   (helmet restricted)
rPois    .         Reflect  .   (no amulet)
rElec    .         Harm     .   n - +6 ring of dexterity
rCorr    .                      (no ring)
MR       .....                  (no ring)
Stlth    ++........             (no ring)
HPRegen  0.09/turn              (no ring)
MPRegen  0.10/turn              (no ring)
                                (no ring)
                                (no ring)

@: confused
A: almost no armour, stealthy swim, amphibious, 8 rings, constrict 8, camouflage
1, gelatinous body 1
a: no special abilities


You were on level 3 of the Dungeon.
You visited 1 branch of the dungeon, and saw 4 of its levels.

You collected 168 gold pieces.

Inventory:

Missiles
 a - 149 stones (quivered)
Jewellery
 n - a +6 ring of dexterity (left tentacle)
Wands
 k - a wand of acid (12)
Scrolls
 f - 9 scrolls of identify {unknown}
 g - a scroll of magic mapping {unknown}
 h - a scroll of enchant armour {unknown}
 l - a scroll of immolation {unknown}
 m - a scroll of teleportation {unknown}
Potions
 b - 2 potions of haste {unknown}
 c - 2 potions of degeneration {unknown}
 d - a potion of ambrosia {unknown}
 e - a potion of mutation {unknown}
 i - a potion of flight {unknown}
 j - a potion of experience {unknown}


   Skills:
 + Level 2.1 Fighting
 - Level 2.0 Dodging
 - Level 3.0 Unarmed Combat
 - Level 2.0 Spellcasting
 * Level 3.3 Transmutations
 * Level 1.5 Poison Magic


You had 3 spell levels left.
You knew the following spells:

 Your Spells              Type           Power        Failure   Level
a - Beastly Appendage     Tmut           ##....       5%          1
b - Spider Form           Tmut/Pois      #.........   22%         3

Your spell library contained the following spells:

 Spells                   Type           Power        Failure   Level
 Wereblood                Tmut           ##......     8%          2
 Ice Form                 Ice/Tmut       #.......     71%         4
 Blade Hands              Tmut           ##........   82%         5


Dungeon Overview and Level Annotations

Branches:
Dungeon (4/15)
 Temple: D:4-7

Altars:
Qazlal

Annotations:
D:3 3 runed translucent doors, Sigmund


Innate Abilities, Weirdness & Mutations

You cannot wear most types of armour.
You are very stealthy in the water. (Stealth+)
You are amphibious.
You can wear up to eight rings at the same time.
You can use your tentacles to constrict eight enemies at once.
Your skin changes colour to match your surroundings (Stealth+).
Your rubbery body absorbs attacks. (AC +1, EV +1)


Message History

The puff of flame misses you.
You barely miss something. Something hits you!
You barely miss something. Something hits you!
* * * LOW HITPOINT WARNING * * *
You hit something but do no damage. Something closely misses you.
You hit something but do no damage.
You hear some strange, mumbled words.
You are confused.
Your transformation has ended.
Something hits you.
* * * LOW HITPOINT WARNING * * *
An orc comes into view. It is wielding a +0 flail.
You bump into the rock wall.
You hear some strange, mumbled words.
A puff of flame appears from out of thin air!
The puff of flame misses you. Something hits you but does no damage.
You hear some strange, mumbled words.
A puff of flame appears from out of thin air!
The puff of flame hits you!
You die...

.#...#
...#.#...#
.#...#
#######.....#.#
.#...#
'...........#.#
##...#
#....########.#
##...#
#o...########.#
<#
+....'......).#
##
#....##########
.. +.....# ###
. #.@...# #
....##.....## #
#...{.....# #
########### #


You could see an orc.

Vanquished Creatures
  3 adders
  A worm (D:3)
  A dart slug (D:1)
  A leopard gecko (D:1)
  An orc (D:3)
  A giant cockroach (D:3)
  5 goblins
  4 hobgoblins
  2 jackals (D:1)
  3 kobolds
  3 bats
  3 frilled lizards
  2 rats (D:2)
30 creatures vanquished.

Notes
Turn   | Place    | Note
-------+----------+-------------------------------------------
     0 | D:1      | BeowulfAlex the Octopode Transmuter began the quest for the
                  | Orb.
     0 | D:1      | Reached XP level 1. HP: 13/13 MP: 3/3
   235 | D:1      | Reached XP level 2. HP: 15/18 MP: 3/5
   808 | D:2      | Reached XP level 3. HP: 17/24 MP: 4/6
   813 | D:2      | Learned a level 3 spell: Spider Form
  1730 | D:3      | Reached skill level 1 in Poison Magic
  1852 | D:3      | Found a stormy altar of Qazlal.
  1890 | D:3      | Found a runed translucent gate.
  1890 | D:3      | Found a runed translucent gate.
  1890 | D:3      | Found a runed translucent gate.
  1911 | D:3      | Reached XP level 4. HP: 13/29 MP: 7/7
  2222 | D:3      | You fall into a shaft and drop 1 floor!
  2396 | D:3      | Noticed Sigmund
  2412 | D:3      | Killed from afar by Sigmund

Illustrated notes

Levels and vault maps discovered:
D:1:      roderic_dead_forest, layout_rooms, chequers_jeans
D:2:      layout_basic
D:3:      layout_basic, lemuel_doored_altar, grunt_qazlal_sundering,
          gammafunk_ghost_split, serial_glass, glass_columns_a, glass_columns_a,
          uniq_sigmund, uniq_natasha, uniq_crazy_yiuf_cottage
D:4:      layout_cave_pools, minmay_temple_entry_tees, uniq_ijyb

Skill      XL: |  1  2  3 |
---------------+----------+-----
Transmutations | 3 |  3.3
Fighting       | 2 |  2.1
Poison Magic   | 1 |  1.5
Dodging        | |  2.0
Unarmed Combat | |  3.0
Spellcasting   | |  2.0

Action                   |  1- 3 |  4- 6 || total
-------------------------+-------+-------++-------
Melee: Unarmed           |    67 |    13 ||    80
       Constrict         |    18 |     2 ||    20
       Kick              |    12 |     1 ||    13
       Tentacles         |     9 |       ||     9
       Punch             |     1 |       ||     1
Throw: Stone             |     4 |     2 ||     6
 Cast: Beastly Appendage |    19 |     3 ||    22
       Spider Form       |       |     1 ||     1
 Stab: Sleeping          |     2 |       ||     2
Armor: Skin              |     3 |       ||     3
Dodge: Dodged            |    41 |     9 ||    50

Table legend: (Time is in decaauts)
 A = Elapsed time spent in this place.
 B = Non-inter-level travel time spent in this place.
 C = Inter-level travel time spent in this place.
 D = Time resting spent in this place.
 E = Time spent auto-exploring this place.
 F = Levels seen in this place.
 G = Mean time per level.
                   A        B        C        D        E       F      G
               +--------+--------+--------+--------+--------+-----+--------+
         Total |   2407 |   2364 |     43 |      0 |   2120 |   4 |  601.8 |
       Dungeon |   2407 |   2364 |     43 |      0 |   2120 |   4 |  601.8 |
               +--------+--------+--------+--------+--------+-----+--------+

Top non-repeatable levels by time:
     D:2: 980 daAuts
     D:1: 741 daAuts
     D:3: 661 daAuts
     D:4: 24 daAuts
